 Dungeon Crawl Stone Soup version 0.26-a0-800-g517d6fe (webtiles) character file.

Game seed: 9057799727402081236

99 MrTaco21 the Cudgeller (level 4, 0/28 HPs)
             Began as a Gargoyle Fighter on Nov 11, 2020.
             Slain by a gnoll
             ... wielding a +0 flail of protection
              (2 damage)
             ... on level 3 of the Dungeon.
             The game lasted 00:03:03 (1776 turns).

MrTaco21 the Cudgeller (Gargoyle Fighter)           Turns: 1776, Time: 00:03:03

Health: 0/28       AC: 11    Str: 20    XL:     4   Next: 72%
Magic:  4/4        EV:  3    Int:  9    God:
Gold:   160        SH:  0    Dex:  9    Spells: 3/3 levels left

rFire    . . .     SeeInvis .   a - +0 flail
rCold    . . .     Faith    .   k - +0 tower shield
rNeg     + . .     Spirit   .   b - +0 scale mail
rPois    ∞         Reflect  .   j - +0 helmet
rElec    +         Harm     .   (no cloak)
rCorr    .         Rampage  .   (no gloves)
MR       .....                  (no boots)
Stlth    ..........             e - amulet of regeneration
HPRegen  0.49/turn              (no ring)
MPRegen  0.09/turn              (no ring)

@: held
A: negative energy resistance 1, electricity resistance, unbreathing,
petrification resistance, rot immunity, AC +3
a: no special abilities


You were on level 3 of the Dungeon.
You visited 1 branch of the dungeon, and saw 3 of its levels.

You collected 160 gold pieces.

Inventory:

Hand Weapons
 a - a +0 flail (weapon)
Missiles
 n - 14 poisoned darts (quivered)
Armour
 b - a +0 scale mail (worn)
 j - a +0 helmet (worn)
   (You took it off Robin on level 2 of the Dungeon)
 k - a +0 tower shield (worn)
   (You found it on level 2 of the Dungeon)
Jewellery
 e - an amulet of regeneration (around neck)
   (You found it on level 2 of the Dungeon)
Scrolls
 c - a scroll of fog {unknown}
 f - 3 scrolls of identify {unknown}
 g - a scroll of blinking {unknown}
 i - 2 scrolls of remove curse {unknown}
Potions
 d - a potion of might
 h - a potion of cancellation {unknown}
 l - a potion of curing {unknown}
 m - a potion of degeneration {unknown}


   Skills:
 - Level 3.2 Fighting
 + Level 4.8 Maces & Flails
 - Level 3.2 Armour
 - Level 3.2 Shields


You had 3 spell levels left.
You didn't know any spells.
Your spell library was empty.

Dungeon Overview and Level Annotations

Branches:
Dungeon (3/15)

Altars:
Cheibriados
Elyvilon
Fedhas
Okawaru
Qazlal
Xom
Zin


Innate Abilities, Weirdness & Mutations

You are resistant to torment.
Your stone body is resilient. (AC +3)
You are immune to poison.
You resist negative energy. (rN+)
You are resistant to electric shocks. (rElec)
You can survive without breathing.
You are immune to petrification.
You are immune to rotting.


Message History

You kill the hobgoblin!
No target in view!
No target in view!
No target in view!
No target in view!
No target in view!
No target in view!
No target in view!
You see here a hobgoblin corpse.
Found a scroll labelled ZAUC WERO.
i - 2 scrolls labelled ZAUC WERO (gained 1)
You open the door.
Found an iron altar of Okawaru.
You open the door.
Found a snail-covered altar of Cheibriados.
You open the door.
Found a blossoming altar of Fedhas.
You open the door. 3 gnolls come into view.
A gnoll is wielding a +0 flail of protection.
The gnoll shouts! x3
Found a stormy altar of Qazlal.
You hit the gnoll. The gnoll closely misses you.
You hit the gnoll. You block the gnoll's attack.
The gnoll hits you but does no damage.
You barely miss the gnoll.
The gnoll hits you with a +0 flail of protection.
The gnoll hits you but does no damage.
You sock the gnoll! You block the gnoll's attack. x2
You closely miss the gnoll. You block the gnoll's attack. x2
You closely miss the gnoll. You block the gnoll's attack.
The gnoll hits you from afar with a +0 halberd.
You hit the gnoll.
The gnoll hits you with a +0 flail of protection.
The gnoll hits you from afar with a +0 halberd!
* * * LOW HITPOINT WARNING * * *
The gnoll throws a throwing net.
The throwing net hits you.
You become entangled in the net!
You see here a throwing net {!f}.
You struggle against the net.
The gnoll hits you from afar with a +0 halberd!
* * * LOW HITPOINT WARNING * * *
You struggle against the net.
The gnoll hits you with a +0 flail of protection.
* * * LOW HITPOINT WARNING * * *
The gnoll hits you from afar with a +0 halberd.
* * * LOW HITPOINT WARNING * * *
You struggle against the net.
The gnoll hits you with a +0 flail of protection.
You die...

.##.#.8.g.#.#...8.#
....#.._..#.#.._..#
#.#.#.8.8.#.#.8.8.#
#.#.##...##.##...##
#.#.######...#####
#(#.# #..g........
#.#.# #.g....#...#
#...####..#†#.# ...
##.......@g...# ##
#..####......#
#((..........#
#(#####......# #.#
#.......#
#######.#####.##.##...
.........<....####
...# ........#####.#
..# ######### ##.


You could see 3 gnolls.

Vanquished Creatures
  Robin (D:2)
  2 adders (D:2)
  An ooze (D:2)
  3 worms (D:2)
  A dart slug (D:1)
  2 leopard geckos (D:1)
  A giant cockroach (D:1)
  12 goblins
  9 hobgoblins
  A quokka (D:2)
  4 bats
  4 frilled lizards
  7 kobolds
  6 rats
54 creatures vanquished.

Vanquished Creatures (others)
  A hobgoblin (D:2)
1 creature vanquished.

Grand Total: 55 creatures vanquished

Notes
Turn   | Place    | Note
-------+----------+-------------------------------------------
     0 | D:1      | MrTaco21 the Gargoyle Fighter began the quest for the Orb.
     0 | D:1      | Reached XP level 1. HP: 14/14 MP: 1/1
   133 | D:1      | Reached XP level 2. HP: 19/19 MP: 2/2
   274 | D:1      | Reached skill level 3 in Maces & Flails
   613 | D:1      | Reached XP level 3. HP: 23/23 MP: 3/3
   958 | D:2      | Found a glowing silver altar of Zin.
   958 | D:2      | Noticed an angel
   959 | D:2      | Found a shimmering altar of Xom.
   972 | D:2      | Noticed Robin
   982 | D:2      | Killed Robin
   982 | D:2      | Reached skill level 4 in Maces & Flails
   982 | D:2      | Reached XP level 4. HP: 27/28 MP: 4/4
  1237 | D:2      | Found a white marble altar of Elyvilon.
  1284 | D:2      | Found a faded altar of an unknown god.
  1747 | D:3      | Found an iron altar of Okawaru.
  1750 | D:3      | Found a snail-covered altar of Cheibriados.
  1753 | D:3      | Found a blossoming altar of Fedhas.
  1756 | D:3      | Found a stormy altar of Qazlal.
  1776 | D:3      | Slain by a gnoll

Illustrated notes

Levels and vault maps discovered:
D:1:      minmay_arrival_four_loops, layout_basic, hex_medium,
          amethyst_killhole, minmay_misc_feat_cross, nrook_mini_vaults,
          due_unseen_surprise
D:2:      layout_loops_ring, grunt_temple_overflow_order_and_chaos_1,
          elyvilon_altar_3, chequers_ecumenical_altar_simple_redux,
          st_stairs_10, uniq_robin
D:3:      layout_loops_ring, grunt_temple_overflow_cloverleaf,
          old_standard_altar, minmay_increasing_density

Skill      XL: |  1  2  3 |
---------------+----------+-----
Maces & Flails | 3 4 |  4.8
Fighting       | |  3.2
Armour         | |  3.2
Shields        | |  3.2

Action                   |  1- 3 |  4- 6 || total
-------------------------+-------+-------++-------
Melee: Flail             |    80 |   104 ||   184
Armor: Scale mail        |    43 |    43 ||    86
Dodge: Dodged            |    19 |    21 ||    40
Block: Kite shield       |    53 |    24 ||    77
       Tower shield      |       |    58 ||    58

Table legend: (Time is in decaauts)
 A = Elapsed time spent in this place.
 B = Non-inter-level travel time spent in this place.
 C = Inter-level travel time spent in this place.
 D = Time resting spent in this place.
 E = Time spent auto-exploring this place.
 F = Levels seen in this place.
 G = Mean time per level.
                   A        B        C        D        E       F      G
               +--------+--------+--------+--------+--------+-----+--------+
         Total |   1836 |   1718 |    118 |      0 |   1285 |   3 |  612.0 |
       Dungeon |   1836 |   1718 |    118 |      0 |   1285 |   3 |  612.0 |
               +--------+--------+--------+--------+--------+-----+--------+

Top non-repeatable levels by time:
     D:2: 947 daAuts
     D:1: 807 daAuts
     D:3: 81 daAuts
